 Dungeon Crawl Stone Soup version 0.23.2-1-ga50397a (webtiles) character file.

Game seed: 12024591868874129649

93 sankara the Insei (level 4, -4/35 HPs)
             Began as a Draconian Transmuter on May 28, 2019.
             Slain by a gnoll
             ... wielding a +3 spear
              (6 damage)
             ... on level 2 of the Dungeon on May 29, 2019.
             The game lasted 00:07:36 (2148 turns).

sankara the Insei (Draconian Transmuter)            Turns: 2148, Time: 00:07:37

Health: -4/35      AC:  5    Str: 12    XL:     4   Next: 37%
Magic:  2/7        EV: 12    Int: 14    God:
Gold:   152        SH:  0    Dex: 12    Spells: 2/8 levels left

rFire    . . .     SeeInvis .     - Unarmed
rCold    . . .     Gourm    .   (no shield)
rNeg     . . .     Faith    .   (armour unavailable)
rPois    .         Spirit   .   (helmet restricted)
rElec    .         Reflect  .   (no cloak)
rCorr    .         Harm     .   (no gloves)
MR       .....                  (boots currently unavailable)
Stlth    +.........             (no amulet)
HPRegen  0.11/turn              (no ring)
MPRegen  0.10/turn              (no ring)

@: appendage (expiring), very slightly contaminated
A: unfitting armour, talons 3, cold-blooded, AC +5
a: End Transformation


You were on level 2 of the Dungeon.
You were hungry.
You had grown temporary talons.
You visited 1 branch of the dungeon, and saw 2 of its levels.

You collected 152 gold pieces.

Inventory:

Hand Weapons
 j - a +1 short sword of speed
   (You took it off a kobold on level 1 of the Dungeon)
Missiles
 a - 32 arrows
 b - 84 stones (quivered)
Scrolls
 f - a scroll of remove curse {unknown}
 g - a scroll of immolation {unknown}
 i - a scroll of random uselessness {unknown}
 k - 3 scrolls of identify {unknown}
 l - a scroll of teleportation {unknown}
 m - a scroll of amnesia {unknown}
 n - a scroll of fog {unknown}
 p - a scroll of magic mapping {unknown}
Potions
 d - a potion of flight {unknown}
 e - a potion of heal wounds {unknown}
 h - 3 potions of curing {unknown}
Comestibles
 c - 4 rations
 o - a chunk of flesh {@w0}


   Skills:
 - Level 1.4 Fighting
 - Level 2.0 Dodging
 * Level 4.0 Unarmed Combat
 + Level 2.6 Spellcasting
 + Level 2.7 Transmutations
 + Level 0.8 Poison Magic


You had 2 spell levels left.
You knew the following spells:

 Your Spells              Type           Power        Failure   Level  Hunger
a - Beastly Appendage     Tmut           #.....       8%          1    #......
b - Sticks to Snakes      Tmut           #.......     11%         2    ###....
c - Spider Form           Tmut/Pois      #.........   32%         3    ###....

Your spell library contained the following spells:

 Spells                   Type           Power        Failure   Level  Hunger
 Ice Form                 Ice/Tmut       #.......     77%         4    #####..
 Blade Hands              Tmut           #.........   90%         5    ######.


Dungeon Overview and Level Annotations

Branches:
Dungeon (2/15)

Altars:


Innate Abilities, Weirdness & Mutations

Your plain brown scales are hard. (AC +5)
You cannot fit into any form of body armour.
You are cold-blooded and may be slowed by cold attacks.
You have claws for feet.


Message History

Confirm with . or Enter, or press ? or * to list all spells.
You grow a pair of large bovine horns.
The hobgoblin hits you but does no damage.
You completely miss the hobgoblin. You hit the hobgoblin.
The hobgoblin is heavily wounded.
The hobgoblin hits you but does no damage.
You hit the hobgoblin.
You kill the hobgoblin!
No target in view!
You see here a +0 club.
Your transformation is almost over.
A gnoll comes into view.
It is wielding a +0 whip. 3 gnolls come into view.
The gnoll shouts! x4
The gnoll throws a stone.
The stone closely misses you.
The gnoll moves out of view.
You see here a stone.
Your horns disappear.
Casting: Beastly Appendage (safe; 8% risk of failure)
Confirm with . or Enter, or press ? or * to list all spells.
You turn into a venomous arachnid creature.
You are feeling hungry.
The gnoll throws a stone.
The stone hits you.
The gnoll throws a stone.
The stone barely misses you.
You see here a stone.
Your transformation is almost over.
The gnoll hits you but does no damage. The gnoll misses you.
You hit the gnoll.
The gnoll is poisoned.
The gnoll is heavily wounded.
The gnoll closely misses you.
You hit the gnoll.
The gnoll looks as sick as possible!
The gnoll is severely wounded.
The gnoll completely misses you.
You hit the gnoll.
You kill the gnoll!
You have reached level 4!
You feel agile.
You hit the gnoll.
The gnoll is poisoned.
The gnoll is moderately wounded.
You hit the gnoll.
The gnoll is severely wounded.
The gnoll closely misses you.
You hit the gnoll but do no damage.
The gnoll is almost dead.
You kill the gnoll!
The gnoll completely misses you. The gnoll misses you.
You hit the gnoll but do no damage.
The gnoll is poisoned.
The gnoll misses you. The gnoll barely misses you.
You closely miss the gnoll. The gnoll closely misses you.
The gnoll hits you with a +0 flail!
You bite the gnoll!
The gnoll looks as sick as possible!
The gnoll is almost dead.
The gnoll closely misses you.
You barely miss the gnoll.
The gnoll is almost dead.
Your transformation has ended.
You kill the gnoll!
Your Unarmed Combat skill increases to level 4!
The gnoll throws a javelin.
The javelin misses you.
Things that are here:
a javelin; a stone The gnoll throws a javelin.
The javelin misses you.
Things that are here:
a javelin; a stone The gnoll throws a javelin.
The javelin barely misses you.
You see here a javelin.
The gnoll throws a javelin.
The javelin hits you!!
Ouch! That really hurt!
* * * LOW HITPOINT WARNING * * *
You see here a javelin.
The gnoll throws a javelin.
The javelin completely misses you.
Things that are here:
a javelin; a +0 club
Casting: Spider Form (safe; 32% risk of failure)
Confirm with . or Enter, or press ? or * to list all spells.
You miscast Spider Form.
You are very lightly contaminated with residual magic.
Your skin glows momentarily.
Casting: Spider Form (safe; 32% risk of failure)
Confirm with . or Enter, or press ? or * to list all spells.
You don't have enough magic to cast that spell.
Casting: Spider Form (safe; 32% risk of failure)
Confirm with . or Enter, or press ? or * to list all spells.
Your feet morph into talons.
The gnoll closely misses you. The gnoll hits you with a +3 spear!
* * * LOW HITPOINT WARNING * * *
Things that are here:
a javelin; a +0 club You barely miss the gnoll.
Your kick misses the gnoll.
Your transformation is almost over.
The gnoll closely misses you.
You barely miss the gnoll.
Your tail-slap misses the gnoll.
The gnoll closely misses you.
You closely miss the gnoll. You punch the gnoll.
The gnoll is moderately wounded.
The gnoll hits you with a +3 spear.
You die...

#.##†###########
#.##...........#
#.############.# #.#
#.# #># #.# #.# #.#
#####.# #.#
......############.#
......#)..(((..g@..#
#######)############
# #(# #.# #.. ....
...♣g ...♣♣.. ....
..


You could see a gnoll.

Vanquished Creatures
  3 gnolls (D:2)
  An adder (D:2)
  A worm (D:2)
  A dart slug (D:1)
  2 leopard geckos
  5 bats
  9 giant cockroaches
  3 hobgoblins (D:2)
  4 jackals (D:1)
  6 kobolds
  2 frilled lizards (D:1)
  4 goblins (D:2)
  4 rats
45 creatures vanquished.

Vanquished Creatures (others)
  2 bushes (D:2)
2 creatures vanquished.

Grand Total: 47 creatures vanquished

Notes
Turn   | Place    | Note
-------+----------+-------------------------------------------
     0 | D:1      | sankara the Draconian Transmuter began the quest for the
                  | Orb.
     0 | D:1      | Reached XP level 1. HP: 16/16 MP: 3/3
   357 | D:1      | Reached XP level 2. HP: 14/23 MP: 5/5
   364 | D:1      | Reached skill level 2 in Dodging
   376 | D:1      | Learned a level 2 spell: Sticks to Snakes
  1472 | D:2      | Reached XP level 3. HP: 21/28 MP: 4/6
  1614 | D:2      | Learned a level 3 spell: Spider Form
  2122 | D:2      | Reached XP level 4. HP: 34/35 MP: 3/7
  2129 | D:2      | Reached skill level 4 in Unarmed Combat
  2145 | D:2      | HP: 2/35 [gnoll/+3 spear (8)]
  2148 | D:2      | Slain by a gnoll

Skill      XL: |  1  2  3  4 |
---------------+-------------+-----
Dodging        | 2 |  2.0
Unarmed Combat | 4 |  4.0
Fighting       | |  1.4
Spellcasting   | |  2.6
Transmutations | |  2.7
Poison Magic   | |  0.8

Action                   |  1- 3 |  4- 6 || total
-------------------------+-------+-------++-------
Melee: Unarmed           |   148 |    10 ||   158
       Headbutt          |    10 |       ||    10
       Kick              |    10 |       ||    10
       Tailslap          |    10 |       ||    10
       Punch             |     1 |     1 ||     2
 Cast: Beastly Appendage |    24 |     1 ||    25
       Spider Form       |     1 |       ||     1
  Eat: Chunk             |     4 |       ||     4
Armor: Skin              |    54 |       ||    54
Dodge: Dodged            |   100 |    14 ||   114

Levels and vault maps discovered:
D:1:      dpeg_arrival_tiny_f, layout_loops_corners, minmay_tree_intersection
D:2:      minmay_roachtagon, layout_loops_ring, serial_park_tiny_2

Table legend:
 A = Turns spent in this place as a percentage of turns spent in the entire game.
 B = Non-inter-level travel turns spent in this place as a percentage of non-inter-level travel turns spent in the entire game.
 C = Inter-level travel turns spent in this place as a percentage of turns spent in this place.
 D = Turns resting spent in this place as a percentage of non-inter-level travel turns spent in this place.
 E = Turns spent auto-exploring this place as a percentage of non-inter-level travel turns spent in this place.
 F = Non-inter-level travel turns spent in this place divided by the number of levels of this place that you've seen.
                   A       B       C       D       E      F
               +-------+-------+-------+-------+-------+----------------------
         Total | 100.0 | 100.0 |   0.7 |  30.8 |  51.8 | 1066.0
       Dungeon | 100.0 | 100.0 |   0.7 |  30.8 |  51.8 | 1066.0
               +-------+-------+-------+-------+-------+----------------------

Table legend:
 A = Kills in this place as a percentage of kills in entire the game.
 B = Kills by you in this place as a percentage of kills by you in the entire game.
 C = Kills by friends in this place as a percentage of kills by friends in the entire game.
 D = Other kills in this place as a percentage of other kills in the entire game.
 E = Experience gained in this place as a percentage of experience gained in the entire game.
 F = Experience gained in this place divided by the number of levels of this place that you have seen.
                   A       B       C       D       E      F
               +-------+-------+-------+-------+-------+----------------------
         Total | 100.0 | 100.0 |   N/A |   N/A | 100.0 |  67.0
       Dungeon | 100.0 | 100.0 |   N/A |   N/A | 100.0 |  67.0
               +-------+-------+-------+-------+-------+----------------------
